 Dungeon Crawl Stone Soup version 0.18-a0-455-gc7d4c65 (webtiles) character file.

117 Raultor the Ruffian (level 5, 0/45 HPs)
             Began as a Naga Transmuter on Dec 1, 2015.
             Slain by Natasha (5 damage)
             ... on level 3 of the Dungeon.
             The game lasted 00:08:10 (3445 turns).

Raultor the Ruffian (Naga Transmuter)               Turns: 3445, Time: 00:08:11

Health: 0/45       AC:  3    Str: 13    XL:     5   Next: 1%
Magic:  8/8        EV: 10    Int: 13    God:
Gold:   93         SH:  0    Dex: 12    Spells: 2 memorised, 5 levels left

rFire  . . .     SeeInvis +       - Unarmed
rCold  . . .     Clarity  .     b - +0 robe
rNeg   . . .     SustAt   .     (no shield)
rPois  +         Gourm    .     (no helmet)
rElec  .         Spirit   .     l - +0 cloak
rCorr  .         Dsmss    .     (no gloves)
rMut   .         Stasis   .     (no barding)
MR     +....                    (no amulet)
Stlth  +.........               r - ring of protection from magic
                                f - +2 ring of slaying

@: short of breath, appendage, very slow, somewhat resistant to hostile
enchantments, very unstealthy
A: horns 2, see invisible, deformed body, poison resistance, slowness 2, slow
metabolism 1, spit poison 2, AC +1
a: Spit Poison, End Transformation


You were on level 3 of the Dungeon.
You were not hungry.
You had grown temporary horns.
You visited 1 branch of the dungeon, and saw 3 of its levels.

You collected 93 gold pieces.

Inventory:

Missiles
 a - 22 arrows
Armour
 b - a +0 robe (worn)
 l - a +0 cloak (worn)
 u - a +0 helmet
Jewellery
 f - a +2 ring of slaying (left hand)
 r - a ring of protection from magic (right hand)
Scrolls
 g - 2 scrolls of identify {unknown}
 j - a scroll of enchant weapon {unknown}
 k - 2 scrolls of enchant armour {unknown}
 m - 2 scrolls of amnesia {unknown}
 p - a scroll of remove curse {unknown}
 q - a scroll of magic mapping {unknown}
 s - a scroll of noise {unknown}
Potions
 e - a potion of curing {unknown}
 n - 2 potions of poison {unknown}
 t - a potion of magic {unknown}
Books
 c - a book of Changes

   Spells                             Type                      Level
   a - Beastly Appendage              Transmutation                1
   b - Sticks to Snakes               Transmutation                2
   c - Spider Form                    Transmutation/Poison         3
   d - Ice Form                       Ice/Transmutation            4
   e - Blade Hands                    Transmutation                5
Comestibles
 d - a bread ration
 h - a royal jelly
 i - 2 fruits
 o - a slice of pizza


   Skills:
 - Level 2.1 Fighting
 - Level 1.5 Dodging
 - Level 4.3 Unarmed Combat
 - Level 2.0 Spellcasting
 * Level 3.2 Transmutations


You had 5 spell levels left.
You knew the following spells:

 Your Spells              Type           Power        Failure   Level  Hunger
a - Beastly Appendage     Trmt           #.....       10%         1    ##.....
b - Sticks to Snakes      Trmt           #.......     12%         2    ###....


Dungeon Overview and Level Annotations

Branches:
Dungeon (3/15)

Altars:

Annotations:
D:3 Natasha


Innate Abilities, Weirdness & Mutations

You cannot wear boots.
Your serpentine skin is tough (AC +1).
You have supernaturally acute eyesight.
Armour fits poorly on your strangely shaped body.
Your system is resistant to poisons.
You cover ground very slowly.
You have a slow metabolism.
You can spit poison.
You have a pair of horns on your head.


Message History

Natasha is moderately wounded.
The white imp hits you. The white imp freezes you. Natasha barely misses you.
Press: ? - help, Shift-Dir - straight line, f - Natasha
Aim: Natasha (moderately wounded)
The splash of poison hits Natasha.
Natasha appears unharmed.
Natasha is moderately wounded.
You feel slightly more hungry. The white imp hits you.
The white imp freezes you.
* * * LOW HITPOINT WARNING * * *
Natasha claws you.
* * * LOW HITPOINT WARNING * * *
You hit Natasha. You headbutt Natasha.
Natasha is severely wounded.
The white imp hits you but does no damage.
Natasha claws you.
* * * LOW HITPOINT WARNING * * *
You hit Natasha.
Natasha is almost dead.
The white imp closely misses you. Natasha claws you.
You die...

######.ho
#........
#.# #h#
#@# #5#
#.# #.#
######.#
#......#
#.######
#.# #.#


You could see Natasha and a white imp.

Vanquished Creatures
  5 adders
  An ooze (D:2)
  An adder zombie (D:1)
  A worm (D:2)
  3 giant geckos
  A ball python (D:1)
  5 bats
  A bat zombie (D:1)
  2 giant cockroaches
  10 hobgoblins
  3 jackals (D:1)
  7 kobolds
  5 giant newts
  3 goblins
  9 rats
57 creatures vanquished.

Vanquished Creatures (collateral kills)
  An ooze (D:1)
1 creature vanquished.

Grand Total: 58 creatures vanquished

Notes
Turn   | Place    | Note
--------------------------------------------------------------
     0 | D:1      | Raultor the Naga Transmuter began the quest for the Orb.
     0 | D:1      | Reached XP level 1. HP: 18/18 MP: 3/3
   340 | D:1      | Reached XP level 2. HP: 25/25 MP: 5/5
   917 | D:1      | Reached XP level 3. HP: 8/31 MP: 6/6
  1184 | D:1      | Learned a level 2 spell: Sticks to Snakes
  1566 | D:1      | Reached skill level 4 in Unarmed Combat
  2350 | D:2      | Reached XP level 4. HP: 26/38 MP: 7/7
  3264 | D:3      | Reached XP level 5. HP: 27/45 MP: 6/8
  3430 | D:3      | Noticed Natasha
  3445 | D:3      | Slain by Natasha

Vault maps used:
D:1:      saegor_arrival_fortress
D:2:      kennysheep_six_static_rooms, st_stairs_1
D:3:      bloody_makhleb, uniq_natasha

Action                   |  1- 3 |  4- 6 || total
-------------------------+-------+-------++-------
Melee: Unarmed           |   144 |    53 ||   197
 Cast: Sticks to Snakes  |     1 |       ||     1
       Beastly Appendage |       |     3 ||     3
 Abil: Spit Poison       |     6 |     8 ||    14
 Stab: Sleeping          |     3 |     1 ||     4
  Eat: Chunk             |     4 |     3 ||     7
